 Dungeon Crawl Stone Soup version 0.31.0 (webtiles) character file.

Game seed: 2789389880887351146

10274 qw the Skirmisher (level 11, -8/69 HPs)
             Began as a Gargoyle Hunter on Jan 19, 2024.
             Was an Elder of Okawaru.
             Killed from afar by an acid dragon (25 damage)
             ... with a splash of acid
             ... on level 10 of the Dungeon.
             The game lasted 00:01:27 (10127 turns).

qw the Skirmisher (Gargoyle Hunter)                Turns: 10127, Time: 00:01:28

Health: -8/69      AC:  8    Str: 22    XL:     11   Next: 59%
Magic:  17/17      EV: 16    Int:  6    God:    Okawaru [****..]
Gold:   301        SH:  0    Dex: 22    Spells: 10/10 levels left

rFire   . . .        p - +0 orcbow
rCold   . . .        (shield currently unavailable)
rNeg    + . .        j - +2 robe of Ashenzari's Pride {Fly Str+2 Int-2 Dex+5}
rPois   inf          q - +0 helmet
rElec   +            m - +2 cloak
rCorr   .            (no gloves)
SInv    +            (no boots)
Will    +....        (no amulet)
Stlth   ++           k - ring of the Lily {+Blink rElec Str+6 Int-3 SInv}
HPRegen 0.31/turn    n - ring of willpower
MPRegen 0.15/turn

%: no passive effects
@: corroded, flying
A: sickness immunity, AC +8, negative energy resistance 1, electricity
resistance, torment resistance 1, petrification resistance
a: Renounce Religion, Evoke Blink, Heroism, Finesse


You were on level 10 of the Dungeon.
You worshipped Okawaru.
Okawaru was greatly pleased with you.
You visited 2 branches of the dungeon, and saw 11 of its levels.

You collected 529 gold pieces.
You spent 228 gold pieces at shops.


Innate Abilities, Weirdness & Mutations

You are immune to sickness and miasma.
Your stone body is resilient. (AC +8)
You are immune to poison.
You resist negative energy. (rN+)
You are resistant to electric shocks. (rElec)
You are resistant to unholy torment.
You are immune to petrification.


   Skills:
 + Level 8.8 Fighting
 - Level 13.0 Ranged Weapons
 - Level 2.2 Armour
 - Level 5.6 Dodging
 - Level 1.1 Stealth
 + Level 8.4 Invocations


You had 10 spell levels left.
You didn't know any spells.
Your spell library was empty.

Inventory:

Hand Weapons
 p - a +0 orcbow (weapon)
Armour
 j - the +2 robe of Ashenzari's Pride (worn) {Fly Str+2 Int-2 Dex+5}
   (You found it on level 4 of the Dungeon)

   Str+2:     It affects your strength (+2).
   Int-2:     It affects your intelligence (-2).
   Dex+5:     It affects your dexterity (+5).
   Fly:       It grants you flight.
 m - a +2 cloak (worn)
 q - a +0 helmet (worn)
 r - the +0 steam dragon scales of Duty {-Tele Fly rF+++}
   (You took it off a meliai on level 9 of the Dungeon)

   rF+++:     It renders you almost immune to fire.
   Fly:       It grants you flight.
   -Tele:     It prevents most forms of teleportation.
Jewellery
 k - the ring of the Lily (left hand) {+Blink rElec Str+6 Int-3 SInv}
   (You found it on level 2 of the Dungeon)

   [ring of strength]

   Str+6:     It affects your strength (+6).
   Int-3:     It affects your intelligence (-3).
   rElec:     It insulates you from electricity.
   SInv:      It lets you see invisible.
   +Blink:    It lets you blink.
 n - a ring of willpower (right hand)
 s - the ring "Tatwaomn" {Ice ^Drain rN+ Str-5 Int+7}
   (You took it off a meliai on level 9 of the Dungeon)

   [ring of ice]

   Ice:       It enhances your ice magic.
   Str-5:     It affects your strength (-5).
   Int+7:     It affects your intelligence (+7).
   rF-:       It makes you vulnerable to fire.
   rC+:       It protects you from cold.
   rN+:       It protects you from negative energy.
   ^Drain:    It drains your maximum health when unequipped.
Wands
 a - a wand of mindburst (12)
 f - a wand of roots (13)
 g - a wand of quicksilver (1)
Scrolls
 c - 8 scrolls of identify
 o - a scroll of noise {unknown}
Potions
 b - a potion of haste
 d - a potion of heal wounds
 e - 6 potions of enlightenment
 h - 2 potions of mutation
 i - a potion of might
 l - 3 potions of curing

Dungeon Overview and Level Annotations

Branches:
Dungeon (10/15)            Temple (1/1) D:4
   Lair: D:8-11         Orc: D:9-12

Altars:
Ashenzari
Cheibriados
Dithmenos
Fedhas
Gozag
Hepliaklqana
Kikubaaqudgha
Makhleb
Nemelex Xobeh
Okawaru
Qazlal
Ru
Sif Muna
Trog
Uskayaw
Vehumet
Wu Jian
Xom
Yredelemnul
Zin
The Shining One
Lugonu

Shops:
D:2 [   D:3 ??:*:   D:6 *

Annotations:
D:5 2 runed translucent doors, qw's ghost, novice GrHu


Message History

The acid dragon bites you but does no damage.
The acid dragon claws you but does no damage.
The acid dragon completely misses you.
The acid dragon claws you but does no damage.
You shoot an arrow.
The arrow closely misses the acid dragon.
The acid dragon bites you but does no damage.
The acid dragon claws you but does no damage.
The acid dragon spits acid at you.
The splash of acid hits you but does no damage.
The acid corrodes you!
You shoot an arrow.
The arrow hits the acid dragon but does no damage.
The acid dragon is moderately wounded.
The acid dragon spits acid at you. The splash of acid hits you!!
The acid corrodes you! The acid dragon misses you.
The acid dragon closely misses you.
You shoot an arrow.
The arrow hits the acid dragon but does no damage.
The acid dragon is moderately wounded.
The acid dragon misses you. The acid dragon barely misses you.
The acid dragon bites you but does no damage.
The acid dragon barely misses you.
You shoot an arrow.
The arrow hits the acid dragon but does no damage.
The acid dragon is moderately wounded.
You shoot an arrow. The arrow hits the acid dragon.
The acid dragon is heavily wounded.
The acid dragon closely misses you. The acid dragon claws you.
The acid dragon bites you! The acid dragon barely misses you.
You shoot an arrow.
The arrow closely misses the acid dragon.
The acid dragon bites you. The acid dragon claws you.
The acid dragon misses you. x2
You shoot an arrow. The arrow hits the acid dragon.
The acid dragon is heavily wounded.
The acid dragon bites you. The acid dragon barely misses you.
The acid dragon spits acid at you. The splash of acid hits you!!
You die...

#......# #.....<#
####......# .
##........## ..
#..##.##### ...
##.###.####77 ....
#..# #......7
.....##.####..(.)..
........##.@D.~~~..
.....#......D~~~~~.
.... #.......~~7~~.
..# #..##..)~~~~~.
. #..##....~)~..
....#..#.....).
...###.##......7
..#. #. ....#77
.##. ##.#


You could see 2 acid dragons.

Vanquished Creatures
  A two-headed ogre (D:6)
  Pikel (D:8)
  A deep elf pyromancer (D:9)
  A cyclops (D:9)
  Maurice (D:8)
  A meliai (D:9)
  Joseph (D:8)
  2 kobold demonologists
  A tengu conjurer (D:9)
  A troll (D:6)
  Prince Ribbit (D:7)
  Sigmund (D:4)
  A shadow (D:9)
  A slime creature (D:9)
  A basilisk (D:9)
  A vampire mosquito (D:9)
  8 yaks
  Eustachio (D:5)
  A steam dragon (D:9)
  Edmund (D:4)
  An acid dragon (D:9)
  Duvessa (D:5)
  A black bear (D:5)
  4 orc warriors
  7 centaurs
  3 sky beasts (D:7)
  2 ogres (D:5)
  A lemure (D:8)
  A phantom (D:5)
  3 kobold brigands
  2 bullfrogs
  2 gnoll sergeants (D:9)
  2 scorpions (D:5)
  5 wights
  Dowan (D:5)
  8 howler monkeys
  A bombardier beetle (D:6)
  A hound (D:7)
  A gnoll bouda (D:6)
  3 orc priests
  5 jellies
  2 iguanas (D:6)
  A sleepcap (D:5)
  9 orc wizards
  A howler monkey zombie (D:3)
  15 adders
  9 gnolls
  3 river rats (D:4)
  A shadow imp (D:7)
  4 ufetubi
  An adder zombie (D:3)
  3 dart slugs
  3 ribbon worms
  24 orcs
  9 ball pythons
  5 endoplasms
  5 giant cockroaches
  6 goblins
  6 hobgoblins
  4 jackals (D:4)
  19 kobolds
  4 quokkas
  A ball python zombie (D:3)
  A bat (D:2)
  3 frilled lizards
  6 rats
228 creatures vanquished.

Notes
Turn   | Place    | Note
-------+----------+-------------------------------------------
     0 | D:1      | qw the Gargoyle Hunter began the quest for the Orb.
     0 | D:1      | Reached XP level 1. HP: 12/12 MP: 1/1
     0 | D:1      | 0 ||| qw: Version: 0.3-a-132-g3d54051
     0 | D:1      | 0 ||| qw: Game counter: 395
     0 | D:1      | 0 ||| qw: Melee chars always use a shield: true
     0 | D:1      | 0 ||| qw: God list: Okawaru
     0 | D:1      | 0 ||| qw: Allow faded altars: false
     0 | D:1      | 0 ||| qw: Do Orc after clearing Dungeon:15 true
     0 | D:1      | 0 ||| qw: Do second Lair branch before Depths: true
     0 | D:1      | 0 ||| qw: Lair rune preference: random
     0 | D:1      | 0 ||| qw: Goals: Normal
     0 | D:1      | 0 ||| PLANNING D:1-11
   136 | D:1      | Reached XP level 2. HP: 17/17 MP: 2/2
   514 | D:1      | Found a faded altar of an unknown god.
   650 | D:1      | 650 ||| READING scroll labelled ESISTR PUVA.
   654 | D:1      | 654 ||| READING 2 scrolls labelled ORAKI NOISSO.
   654 | D:1      | 654 ||| IDENTIFYING 2 metallic green potions
   655 | D:1      | 655 ||| READING scroll of identify.
   655 | D:1      | 655 ||| IDENTIFYING 3 bubbling brown potions
   656 | D:1      | 656 ||| DROPPING scroll of butterflies.
   791 | D:2      | Reached XP level 3. HP: 21/21 MP: 3/3
   887 | D:2      | Reached skill level 5 in Ranged Weapons
   957 | D:2      | Reached skill level 3 in Fighting
   957 | D:2      | 957 ||| FLEEEEING.
  1004 | D:2      | Found Orchurik's Antique Armour Shop.
  1013 | D:2      | 1013 ||| SHOPLISTING dyed leather armour (150 gold, have
                  | 58).
  1013 | D:2      | 1013 ||| SHOPLISTING pair of boots (135 gold, have 58).
  1013 | D:2      | 1013 ||| SHOPLISTING runed scarf (240 gold, have 58).
  1205 | D:2      | Reached XP level 4. HP: 28/28 MP: 4/4
  1448 | D:2      | Identified the ring of the Lily {+Blink rElec Str+6 Int-3
                  | SInv}
  1550 | D:2      | 1550 ||| UPGRADING to +0 ring mail.
  1560 | D:2      | 1560 ||| DROPPING +0 leather armour.
  1561 | D:2      | 1561 ||| UPGRADING to ring of the Lily {+Blink rElec Str+6
                  | Int-3 SInv}.
  1562 | D:2      | 1562 ||| READING scroll labelled INIS RISIGETH.
  1563 | D:2      | 1563 ||| READING scroll labelled ZYCIPI MURUSCH.
  1563 | D:2      | 1563 ||| ENCHANTING +0 shortbow.
  1689 | D:3      | Reached skill level 1 in Armour
  1697 | D:3      | Found a basalt altar of Yredelemnul.
  1715 | D:3      | Found Zituh's Magic Scroll Emporium.
  1716 | D:3      | Found Bupixeass's Magic Scroll Shoppe.
  1724 | D:3      | 1724 ||| BUYING 3 scrolls of identify (78 gold).
  1724 | D:3      | Bought 3 scrolls of identify for 78 gold pieces
  1724 | D:3      | 1724 ||| SHOPLISTING scroll of enchant armour (97 gold,
                  | have 6).
  1724 | D:3      | 1724 ||| SHOPLISTING scroll of identify (26 gold, have 6).
  1733 | D:3      | 1733 ||| SHOPLISTING scroll of brand weapon (133 gold, have
                  | 6).
  1733 | D:3      | 1733 ||| SHOPLISTING scroll of enchant weapon (105 gold,
                  | have 6).
  1733 | D:3      | 1733 ||| SHOPLISTING scroll of identify (28 gold, have 6).
  1733 | D:3      | 1733 ||| SHOPLISTING scroll of teleportation (42 gold, have
                  | 6).
  1793 | D:3      | Found an opulent altar of Gozag.
  1822 | D:3      | Found Qotzilup's Book Shoppe.
  1913 | D:3      | Found Ytsut's Book Shoppe.
  1987 | D:3      | Found Teetolutug's Assorted Antiques.
  1991 | D:3      | 1991 ||| SHOPLISTING 3 scrolls labelled UMUUQO JERICZOENT
                  | (87 gold, have 39).
  1991 | D:3      | 1991 ||| SHOPLISTING 3 scrolls of identify (174 gold, have
                  | 39).
  1991 | D:3      | 1991 ||| SHOPLISTING glowing helmet (217 gold, have 39).
  1991 | D:3      | 1991 ||| SHOPLISTING pair of boots (130 gold, have 39).
  1991 | D:3      | 1991 ||| SHOPLISTING potion of heal wounds (145 gold, have
                  | 39).
  1991 | D:3      | 1991 ||| SHOPLISTING scroll of teleportation (87 gold, have
                  | 39).
  2073 | D:3      | Found a bloodstained altar of Trog.
  2126 | D:3      | 2126 ||| READING 3 scrolls of identify.
  2126 | D:3      | 2126 ||| IDENTIFYING glowing purple potion
  2127 | D:3      | 2127 ||| READING 2 scrolls of identify.
  2127 | D:3      | 2127 ||| IDENTIFYING bubbling dark potion
  2128 | D:3      | 2128 ||| READING scroll of identify.
  2128 | D:3      | 2128 ||| IDENTIFYING purple potion
  2129 | D:3      | 2129 ||| READING scroll labelled GYDGHI HUPLOADGH.
  2130 | D:3      | 2130 ||| DRINKING 2 glowing black potions.
  2161 | D:3      | 2161 ||| DROPPING potion of lignification.
  2162 | D:3      | 2162 ||| DROPPING potion of brilliance.
  2188 | D:4      | 2188 ||| PLANNING SEWER
  2252 | D:4      | Reached XP level 5. HP: 30/32 MP: 5/5
  2266 | D:4      | 2266 ||| FLEEEEING.
  2353 | D:4      | 2353 ||| FLEEEEING.
  2454 | D:4      | Reached skill level 6 in Ranged Weapons
  2465 | D:4      | 2465 ||| DRINKING 2 potions of curing.
  2465 | D:4      | 2465 ||| (to cure confusion)
  2510 | D:4      | Found a radiant altar of Vehumet.
  2514 | D:4      | 2514 ||| FLEEEEING.
  2516 | D:4      | 2516 ||| FLEEEEING.
  2518 | D:4      | 2518 ||| FLEEEEING.
  2519 | D:4      | 2519 ||| FLEEEEING.
  2520 | D:4      | 2520 ||| FLEEEEING.
  2521 | D:4      | 2521 ||| FLEEEEING.
  2522 | D:4      | 2522 ||| FLEEEEING.
  2524 | D:4      | 2524 ||| FLEEEEING.
  2525 | D:4      | 2525 ||| FLEEEEING.
  2526 | D:4      | 2526 ||| FLEEEEING.
  2527 | D:4      | 2527 ||| FLEEEEING.
  2528 | D:4      | 2528 ||| FLEEEEING.
  2529 | D:4      | 2529 ||| FLEEEEING.
  2530 | D:4      | 2530 ||| FLEEEEING.
  2531 | D:4      | 2531 ||| FLEEEEING.
  2532 | D:4      | 2532 ||| FLEEEEING.
  2533 | D:4      | 2533 ||| FLEEEEING.
  2534 | D:4      | 2534 ||| FLEEEEING.
  2535 | D:4      | 2535 ||| FLEEEEING.
  2536 | D:4      | 2536 ||| FLEEEEING.
  2537 | D:4      | 2537 ||| FLEEEEING.
  2543 | D:4      | 2543 ||| STAIRDANCE
  2697 | D:4      | Reached XP level 6. HP: 38/38 MP: 6/6
  2733 | D:4      | Identified the +2 robe of Ashenzari's Pride {Fly Str+2
                  | Int-2 Dex+5}
  2753 | D:4      | Noticed Edmund
  2769 | D:4      | Killed Edmund
  2770 | D:4      | 2770 ||| FLEEEEING.
  2910 | D:4      | 2910 ||| RIP SEWER
  2937 | D:4      | Noticed Sigmund
  2938 | D:4      | 2938 ||| PLANNING D:1-11
  2945 | D:4      | Killed Sigmund
  2946 | D:4      | Reached skill level 7 in Ranged Weapons
  2946 | D:4      | Reached XP level 7. HP: 36/43 MP: 7/7
  2946 | D:4      | 2946 ||| FLEEEEING.
  3180 | D:4      | Found a staircase to the Ecumenical Temple.
  3181 | D:4      | 3181 ||| PLANNING TEMPLE
  3181 | D:4      | 3181 ||| UPGRADING to +2 robe of Ashenzari's Pride {Fly
                  | Str+2 Int-2 Dex+5}.
  3191 | D:4      | 3191 ||| DROPPING +0 ring mail.
  3192 | D:4      | 3192 ||| UPGRADING to +0 cloak.
  3197 | D:4      | 3197 ||| DROPPING ring of wizardry.
  3204 | Temple   | Entered the Ecumenical Temple
  3205 | Temple   | 3205 ||| PLANNING OKAWARU WORSHIP
  3223 | Temple   | Became a worshipper of Warmaster Okawaru
  3224 | Temple   | 3224 ||| PLANNING D:1-11
  3462 | D:5      | Entered Level 5 of the Dungeon
  3696 | D:5      | Found a large runed translucent door.
  3696 | D:5      | Found a large runed translucent door.
  3698 | D:5      | Noticed qw's ghost (novice GrHu)
  3775 | D:5      | Reached skill level 8 in Ranged Weapons
  3790 | D:5      | 3790 ||| RETREEEEATING.
  3791 | D:5      | 3791 ||| RETREEEEATING.
  3793 | D:5      | 3793 ||| RETREEEEATING.
  3794 | D:5      | 3794 ||| RETREEEEATING.
  3798 | D:5      | 3798 ||| RETREEEEATING.
  3799 | D:5      | 3799 ||| RETREEEEATING.
  3831 | D:5      | Noticed Dowan
  3832 | D:5      | Noticed Eustachio
  3832 | D:5      | Noticed Duvessa
  3833 | D:5      | 3833 ||| RETREEEEATING.
  3834 | D:5      | 3834 ||| RETREEEEATING.
  3835 | D:5      | 3835 ||| DRINKING potion of haste.
  3847 | D:5      | 3847 ||| RETREEEEATING.
  3848 | D:5      | 3848 ||| RETREEEEATING.
  3849 | D:5      | 3849 ||| RETREEEEATING.
  3850 | D:5      | 3850 ||| RETREEEEATING.
  3852 | D:5      | 3852 ||| RETREEEEATING.
  3853 | D:5      | 3853 ||| RETREEEEATING.
  3854 | D:5      | 3854 ||| RETREEEEATING.
  3855 | D:5      | 3855 ||| RETREEEEATING.
  3856 | D:5      | 3856 ||| RETREEEEATING.
  3857 | D:5      | 3857 ||| RETREEEEATING.
  3858 | D:5      | 3858 ||| RETREEEEATING.
  3859 | D:5      | 3859 ||| RETREEEEATING.
  3860 | D:5      | 3860 ||| RETREEEEATING.
  3861 | D:5      | 3861 ||| RETREEEEATING.
  3862 | D:5      | 3862 ||| RETREEEEATING.
  3863 | D:5      | 3863 ||| RETREEEEATING.
  3864 | D:5      | 3864 ||| RETREEEEATING.
  3865 | D:5      | 3865 ||| RETREEEEATING.
  3866 | D:5      | 3866 ||| RETREEEEATING.
  3875 | D:5      | HP: 8/44 [Duvessa/+1 short sword of venom (10)]
  3876 | D:5      | 3876 ||| READING 2 scrolls of teleportation.
  3876 | D:5      | HP: 3/44 [Duvessa/+1 short sword of venom (5)]
  3877 | D:5      | 3877 ||| DRINKING 4 potions of heal wounds.
  3878 | D:5      | Killed Duvessa
  3878 | D:5      | Reached * piety under Okawaru
  3879 | D:5      | Reached XP level 8. HP: 37/49 MP: 8/8
  4032 | D:5      | Reached skill level 1 in Invocations
  4038 | D:5      | 4038 ||| RETREEEEATING.
  4040 | D:5      | 4040 ||| RETREEEEATING.
  4041 | D:5      | 4041 ||| RETREEEEATING.
  4060 | D:5      | 4060 ||| RETREEEEATING.
  4077 | D:5      | Killed Eustachio
  4078 | D:5      | Reached skill level 9 in Ranged Weapons
  4078 | D:5      | 4078 ||| FLEEEEING.
  4116 | D:5      | 4116 ||| FLEEEEING.
  4193 | D:5      | 4193 ||| ZAPPING wand of quicksilver (7) at -1,0 (black
                  | bear; floor).
  4194 | D:5      | Reached skill level 3 in Invocations
  4435 | D:5      | 4435 ||| INVOKING Heroism.
  4439 | D:5      | Killed Dowan
  4536 | D:5      | Reached skill level 3 in Dodging
  4650 | D:5      | 4650 ||| FLEEEEING.
  4708 | D:5      | 4708 ||| READING 3 scrolls of identify.
  4708 | D:5      | 4708 ||| IDENTIFYING golden potion
  4709 | D:5      | 4709 ||| READING 2 scrolls of identify.
  4709 | D:5      | 4709 ||| IDENTIFYING lumpy sapphire potion
  4710 | D:5      | 4710 ||| READING scroll of identify.
  4710 | D:5      | 4710 ||| IDENTIFYING scroll labelled OHOKAU XIKEF
  4711 | D:5      | 4711 ||| READING 2 scrolls labelled MAMITARELU.
  4712 | D:5      | 4712 ||| DROPPING scroll of vulnerability.
  4713 | D:5      | 4713 ||| DROPPING potion of berserk rage.
  4714 | D:5      | 4714 ||| DROPPING scroll of fog.
  4728 | D:6      | Reached ** piety under Okawaru
  4796 | D:6      | Noticed a troll
  4797 | D:6      | 4797 ||| RETREEEEATING.
  4798 | D:6      | 4798 ||| RETREEEEATING.
  4799 | D:6      | 4799 ||| RETREEEEATING.
  4801 | D:6      | 4801 ||| RETREEEEATING.
  4802 | D:6      | 4802 ||| RETREEEEATING.
  4803 | D:6      | 4803 ||| ZAPPING wand of quicksilver (6) at -4,6 (troll;
                  | floor).
  4804 | D:6      | Reached skill level 6 in Fighting
  4804 | D:6      | 4804 ||| INVOKING Heroism.
  4805 | D:6      | 4805 ||| RETREEEEATING.
  4808 | D:6      | 4808 ||| RETREEEEATING.
  4819 | D:6      | Reached XP level 9. HP: 55/55 MP: 10/12
  4830 | D:6      | Killed a troll
  4918 | D:6      | Noticed a two-headed ogre
  4919 | D:6      | 4919 ||| READING scroll of identify.
  4919 | D:6      | 4919 ||| IDENTIFYING scroll labelled GEIQIG GESCHO
  4920 | D:6      | 4920 ||| READING scroll of enchant armour.
  4920 | D:6      | 4920 ||| ENCHANTING +0 cloak.
  4921 | D:6      | 4921 ||| DROPPING wand of flame (11).
  4928 | D:6      | 4928 ||| RETREEEEATING.
  4929 | D:6      | 4929 ||| RETREEEEATING.
  4930 | D:6      | 4930 ||| RETREEEEATING.
  4931 | D:6      | 4931 ||| ZAPPING wand of quicksilver (5) at -1,-7
                  | (two-headed ogre; floor).
  4932 | D:6      | 4932 ||| ZAPPING wand of quicksilver (4) at 0,-6
                  | (two-headed ogre; floor).
  4933 | D:6      | 4933 ||| ZAPPING wand of quicksilver (3) at 0,-5
                  | (two-headed ogre; floor).
  4933 | D:6      | Killed a two-headed ogre
  4933 | D:6      | Reached *** piety under Okawaru
  4934 | D:6      | Reached skill level 11 in Ranged Weapons
  5018 | D:6      | Found Mivux's Assorted Antiques.
  5027 | D:6      | 5027 ||| BUYING 2 scrolls of identify (100 gold).
  5027 | D:6      | Bought 2 scrolls of identify for 100 gold pieces
  5027 | D:6      | 5027 ||| BUYING scroll of identify (50 gold).
  5027 | D:6      | Bought a scroll of identify for 50 gold pieces
  5037 | D:6      | Found a shimmering altar of Xom.
  5112 | D:6      | Found a stormy altar of Qazlal.
  5115 | D:6      | Found an ornate altar of the Wu Jian Council.
  5131 | D:6      | Noticed a kobold demonologist
  5131 | D:6      | Noticed a boulder beetle
  5132 | D:6      | 5132 ||| INVOKING Heroism.
  5158 | D:6      | HP: 10/55 [boulder beetle (45)]
  5159 | D:6      | 5159 ||| READING 2 scrolls of teleportation.
  5160 | D:6      | 5160 ||| DRINKING 3 potions of heal wounds.
  5162 | D:6      | Found a shimmering blue altar of Sif Muna.
  5162 | D:6      | Found an ancient bone altar of Kikubaaqudgha.
  5243 | D:6      | 5243 ||| READING 7 scrolls of identify.
  5243 | D:6      | 5243 ||| IDENTIFYING ruby potion
  5244 | D:6      | 5244 ||| READING 6 scrolls of identify.
  5244 | D:6      | 5244 ||| IDENTIFYING scroll labelled IFUW QAKHLEK
  5245 | D:6      | 5245 ||| DROPPING scroll of poison.
  5272 | D:7      | 5272 ||| STAIRDANCE
  5310 | D:7      | 5310 ||| READING scroll of enchant armour.
  5310 | D:7      | 5310 ||| ENCHANTING +1 cloak.
  5320 | D:7      | Found a glowing silver altar of Zin.
  5384 | D:7      | 5384 ||| FLEEEEING.
  5390 | D:7      | 5390 ||| STAIRDANCE
  5502 | D:7      | Noticed Prince Ribbit
  5503 | D:7      | 5503 ||| INVOKING Heroism.
  5517 | D:7      | Killed Prince Ribbit
  5617 | D:6      | 5617 ||| INVOKING Heroism.
  5624 | D:6      | Killed a kobold demonologist
  5625 | D:6      | Reached XP level 10. HP: 63/63 MP: 10/13
  5725 | D:6      | 5725 ||| INVOKING Heroism.
  5745 | D:6      | HP: 3/63 [boulder beetle (17)]
  5746 | D:6      | 5746 ||| READING scroll of teleportation.
  5747 | D:6      | 5747 ||| DRINKING 2 potions of heal wounds.
  5748 | D:6      | 5748 ||| DRINKING potion of heal wounds.
  5751 | D:6      | 5751 ||| FLEEEEING.
  5752 | D:6      | 5752 ||| FLEEEEING.
  5753 | D:6      | 5753 ||| FLEEEEING.
  5754 | D:6      | 5754 ||| STAIRDANCE
  5985 | D:7      | 5985 ||| STAIRDANCE
  5987 | D:6      | 5987 ||| RETREEEEATING.
  5988 | D:6      | 5988 ||| RETREEEEATING.
  5989 | D:6      | 5989 ||| RETREEEEATING.
  5997 | D:6      | 5997 ||| RETREEEEATING.
  6005 | D:6      | 6005 ||| FLEEEEING.
  6007 | D:6      | 6007 ||| FLEEEEING.
  6008 | D:6      | 6008 ||| FLEEEEING.
  6009 | D:6      | 6009 ||| FLEEEEING.
  6010 | D:6      | 6010 ||| FLEEEEING.
  6148 | D:7      | 6148 ||| STAIRDANCE
  6150 | D:6      | 6150 ||| FLEEEEING.
  6328 | D:7      | Reached **** piety under Okawaru
  6336 | D:7      | 6336 ||| FLEEEEING.
  6477 | D:7      | Found a sacrificial altar of Ru.
  6488 | D:7      | 6488 ||| FLEEEEING.
  6495 | D:7      | Reached skill level 12 in Ranged Weapons
  6678 | D:7      | 6678 ||| FLEEEEING.
  7016 | D:7      | Found a burning altar of Makhleb.
  7016 | D:7      | Noticed a cacodemon
  7107 | D:7      | 7107 ||| UPGRADING to ring of willpower.
  7195 | D:8      | 7195 ||| READING scroll of enchant weapon.
  7195 | D:8      | 7195 ||| ENCHANTING +1 shortbow.
  7272 | D:8      | 7272 ||| SWAPPING to +0 orcbow.
  7273 | D:8      | 7273 ||| DROPPING +2 shortbow.
  7585 | D:8      | Noticed Joseph
  7586 | D:8      | 7586 ||| INVOKING Finesse.
  7599 | D:8      | Killed Joseph
  7629 | D:8      | 7629 ||| FLEEEEING.
  7757 | D:8      | Noticed Pikel
  7758 | D:8      | 7758 ||| INVOKING Finesse.
  7759 | D:8      | 7759 ||| RETREEEEATING.
  7760 | D:8      | 7760 ||| RETREEEEATING.
  7761 | D:8      | 7761 ||| RETREEEEATING.
  7762 | D:8      | 7762 ||| RETREEEEATING.
  7763 | D:8      | 7763 ||| RETREEEEATING.
  7764 | D:8      | 7764 ||| RETREEEEATING.
  7765 | D:8      | 7765 ||| RETREEEEATING.
  7766 | D:8      | 7766 ||| RETREEEEATING.
  7767 | D:8      | 7767 ||| RETREEEEATING.
  7768 | D:8      | 7768 ||| RETREEEEATING.
  7769 | D:8      | 7769 ||| RETREEEEATING.
  7770 | D:8      | 7770 ||| RETREEEEATING.
  7771 | D:8      | 7771 ||| RETREEEEATING.
  7772 | D:8      | 7772 ||| RETREEEEATING.
  7773 | D:8      | 7773 ||| RETREEEEATING.
  7774 | D:8      | 7774 ||| RETREEEEATING.
  7775 | D:8      | 7775 ||| RETREEEEATING.
  7776 | D:8      | 7776 ||| RETREEEEATING.
  7777 | D:8      | 7777 ||| RETREEEEATING.
  7778 | D:8      | 7778 ||| RETREEEEATING.
  7779 | D:8      | 7779 ||| RETREEEEATING.
  7780 | D:8      | 7780 ||| RETREEEEATING.
  7781 | D:8      | 7781 ||| RETREEEEATING.
  7782 | D:8      | 7782 ||| RETREEEEATING.
  7783 | D:8      | 7783 ||| RETREEEEATING.
  7784 | D:8      | 7784 ||| RETREEEEATING.
  7785 | D:8      | 7785 ||| RETREEEEATING.
  7786 | D:8      | 7786 ||| INVOKING Finesse.
  7797 | D:8      | Killed Pikel
  7851 | D:8      | Reached skill level 6 in Invocations
  7858 | D:8      | Noticed Maurice
  7859 | D:8      | 7859 ||| INVOKING Finesse.
  7870 | D:8      | Maurice stole 217 gold
  7879 | D:8      | Killed Maurice
  7909 | D:8      | 7909 ||| FLEEEEING.
  8084 | D:8      | 8084 ||| UPGRADING to +0 helmet.
  8089 | D:8      | 8089 ||| READING 9 scrolls of identify.
  8089 | D:8      | 8089 ||| IDENTIFYING clear potion
  8090 | D:8      | 8090 ||| DROPPING potion of invisibility.
  8120 | D:9      | 8120 ||| STAIRDANCE
  8138 | D:9      | 8138 ||| STAIRDANCE
  8146 | D:8      | 8146 ||| FLEEEEING.
  8201 | D:9      | 8201 ||| STAIRDANCE
  8213 | D:9      | 8213 ||| STAIRDANCE
  8215 | D:8      | 8215 ||| FLEEEEING.
  8323 | D:9      | Reached XP level 11. HP: 68/68 MP: 15/15
  8369 | D:9      | 8369 ||| FLEEEEING.
  8372 | D:9      | 8372 ||| FLEEEEING.
  8373 | D:9      | 8373 ||| FLEEEEING.
  8374 | D:9      | 8374 ||| FLEEEEING.
  8375 | D:9      | 8375 ||| FLEEEEING.
  8376 | D:9      | 8376 ||| FLEEEEING.
  8379 | D:9      | 8379 ||| FLEEEEING.
  8398 | D:9      | 8398 ||| FLEEEEING.
  8445 | D:9      | 8445 ||| FLEEEEING.
  8447 | D:9      | 8447 ||| FLEEEEING.
  8603 | D:9      | 8603 ||| FLEEEEING.
  8745 | D:9      | 8745 ||| FLEEEEING.
  8759 | D:9      | Noticed a deep elf pyromancer
  8760 | D:9      | 8760 ||| ZAPPING wand of quicksilver (2) at -2,2 (deep elf
                  | pyromancer; floor).
  8761 | D:9      | 8761 ||| INVOKING Finesse.
  8769 | D:9      | HP: 10/68 [fire elemental[a deep elf pyromancer] (9)]
  8770 | D:9      | 8770 ||| READING scroll of teleportation.
  8774 | D:9      | HP: 4/68 [fire elemental[a deep elf pyromancer] (7)]
  8775 | D:9      | Killed a deep elf pyromancer
  9113 | D:9      | Noticed a sun demon
  9114 | D:9      | 9114 ||| RETREEEEATING.
  9115 | D:9      | 9115 ||| RETREEEEATING.
  9116 | D:9      | 9116 ||| RETREEEEATING.
  9117 | D:9      | 9117 ||| RETREEEEATING.
  9118 | D:9      | 9118 ||| RETREEEEATING.
  9119 | D:9      | 9119 ||| INVOKING Finesse.
  9120 | D:9      | 9120 ||| INVOKING Heroism.
  9165 | D:9      | Reached skill level 13 in Ranged Weapons
  9193 | D:9      | 9193 ||| FLEEEEING.
  9689 | D:9      | Identified the +0 steam dragon scales of Duty {-Tele Fly
                  | rF+++}
  9689 | D:9      | Identified the ring "Tatwaomn" {Ice ^Drain rN+ Str-5 Int+7}
  9692 | D:9      | 9692 ||| FLEEEEING.
  9951 | D:9      | Noticed a cyclops
  9952 | D:9      | 9952 ||| INVOKING Finesse.
  9957 | D:9      | Killed a cyclops
 10007 | D:9      | 10007 ||| READING 10 scrolls of identify.
 10007 | D:9      | 10007 ||| IDENTIFYING scroll labelled QEETARURCHI
 10008 | D:9      | 10008 ||| READING 9 scrolls of identify.
 10008 | D:9      | 10008 ||| IDENTIFYING 2 scrolls labelled EFOAPO EROALU
 10009 | D:9      | 10009 ||| DROPPING 2 scrolls of silence.
 10010 | D:9      | 10010 ||| DROPPING scroll of fear.
 10065 | D:10     | Entered Level 10 of the Dungeon
 10127 | D:10     | HP: 17/69 [acid dragon (6)]
 10127 | D:10     | Killed from afar by an acid dragon

Levels and vault maps discovered:
D:1:      nicolae_arrival_memento_mori, layout_loops_ring,
          hellmonk_ecumenical_altar_heavens_door
D:2:      layout_loops_corners, serial_shops, shop, dk_vineyard_2,
          grunt_ministairs_12
D:3:      layout_basic, nicolae_yredelemnul_corpse_copse,
          nicolae_overflow_crystal_walls, grunt_gozag_breadcrumbs, serial_shops,
          shop, nicolae_shop_pleasant_corner_grove, nicolae_shop_peninsula,
          shop, shop
D:4:      layout_gridville, vehumet_altar_wand_db,
          minmay_temple_entry_enclosed_plants, portal_sewer_entry_e,
          grunt_decor_junction, uniq_sigmund, uniq_edmund
D:5:      cheibrodos_fzero, layout_layer_cave, ebering_ghost_disaster_area,
          uniq_duvessa, uniq_eustachio
D:6:      layout_rooms, pf_just_have_faith, nicolae_overflow_hidden_temple,
          serial_shops, shop, kb_rosetta
D:7:      layout_layer_cave, nicolae_ru_awakened_eye,
          mainiacjoe_overflow_alcove_4, makhleb_altar_promises_db,
          uniq_prince_ribbit1
D:8:      layout_gridville, minmay_sticks_and_stones, uniq_maurice, uniq_pikel
D:9:      minmay_the_grid_square_5x5_3x3 [minmay_the_grid_square_5x5_seven,
          minmay_the_grid_square_5x5_inner_v,
          minmay_the_grid_square_5x5_two_walls_a,
          minmay_the_grid_square_5x5_checkered_statues,
          minmay_the_grid_square_5x5_megaprize_open,
          minmay_the_grid_square_5x5_fat_x,
          minmay_the_grid_square_5x5_six_small,
          minmay_the_grid_square_5x5_n_small, minmay_the_grid_square_5x5_meh],
          layout_stronghold, minmay_misc_feat_room,
          chequers_serial_rivers_micro_b
D:10:     layout_rooms, elyvilon_altar_3, minmay_lair_entry_grove, erik_orc_1,
          nicolae_shop_self_help
Temple:   kb_corrupted_temple

Skill      XL: |  1  2  3  4  5  6  7  8  9 10 11 |
---------------+----------------------------------+-----
Ranged Weapons | 5 6 7 8 9 11 12 13 | 13.0
Fighting       | 3 4 5 6 7 8 |  8.8
Armour         | 1 2 |  2.2
Dodging        | 2 3 4 5 |  5.6
Invocations    | 4 6 8 |  8.4
Stealth        | |  1.1

Action                     |  1- 3 |  4- 6 |  7- 9 | 10-12 || total
---------------------------+-------+-------+-------+-------++-------
   Fire: Shortbow          |    95 |   182 |   387 |   180 ||   844
         Orcbow            |       |       |       |   406 ||   406
 Invoke: Heroism           |       |       |     5 |     2 ||     7
         Finesse           |       |       |       |     6 ||     6
  Evoke: Wand              |       |       |     5 |     1 ||     6
    Use: Scroll            |     3 |     6 |    11 |     6 ||    26
         Potion            |       |     2 |     3 |     2 ||     7
 Armour: Leather armour    |    29 |       |       |       ||    29
         Ring mail         |       |    80 |     8 |       ||    88
         Robe              |       |       |   126 |   178 ||   304
  Dodge: Dodged            |    28 |    81 |   150 |   205 ||   464

Table legend:
 A = Non-vault XP
 B = Vault XP
 C = Vault XP percentage of total XP
 D = Non-vault monster count
 E = Vault monster count
 F = Vault count percentage of total count
                 A         B        C        D         E       F
            +---------+---------+-------+---------+---------+-------
      Total |    5508 |    9170 |  62.5 |     163 |      64 |  28.2
            +---------+---------+-------+---------+---------+-------
        D:1 |      28 |       0 |   0.0 |      16 |       0 |   0.0
        D:2 |      71 |       6 |   7.8 |      18 |       2 |  10.0
        D:3 |       9 |      24 |  72.7 |       6 |       3 |  33.3
        D:4 |     273 |     432 |  61.3 |      24 |      11 |  31.4
        D:5 |     360 |     978 |  73.1 |       9 |      19 |  67.9
        D:6 |    1309 |    1394 |  51.6 |      18 |       3 |  14.3
        D:7 |    1494 |     255 |  14.6 |      20 |       1 |   4.8
        D:8 |     834 |    1626 |  66.1 |      27 |       3 |  10.0
        D:9 |     881 |    4455 |  83.5 |      19 |      22 |  53.7
       D:10 |     249 |       0 |   0.0 |       6 |       0 |   0.0
            +---------+---------+-------+---------+---------+-------
